 Dungeon Crawl Stone Soup version 0.31-a0-702-gf82c85558f (webtiles) character file.

Game seed: 12529674417504189193

6265 Newt the Markskobold (level 11, -12/61 HPs)
             Began as a Kobold Hunter on Sept 8, 2023.
             Was a Believer of Hepliaklqana.
             Killed from afar by Erica (34 damage)
             ... with a lance of force
             ... on level 9 of the Dungeon.
             The game lasted 00:12:08 (8742 turns).

Newt the Markskobold (Kobold Hunter)                Turns: 8742, Time: 00:12:09

Health: -12/61     AC: 13    Str:  9    XL:     11   Next: 15%
Magic:  11/11      EV: 26    Int: 14    God:    Hepliaklqana [**....]
Gold:   493        SH: 14    Dex: 25    Spells: 10/10 levels left

rFire   . . .        A - +0 sling
rCold   . . .        j - +2 kite shield
rNeg    . . .        C - +5 leather armour of Greed {Harm Int+3}
rPois   .            (no helmet)
rElec   .            (no cloak)
rCorr   .            J - +0 pair of gloves {Dex+3}
SInv    .            I - +2 pair of boots {Fly}
Will    .....        D - amulet of regeneration
Stlth   +++          d - +5 ring of evasion
HPRegen 1.10/turn    k - +5 ring of evasion
MPRegen 0.12/turn

%: harm (+30% outgoing, +20% incoming)
@: flying
A: reduced essence, small, no large weapons, nightstalker 3
a: Renounce Religion, Recall Ancestor, Ancestor Identity


You were on level 9 of the Dungeon.
You worshipped Hepliaklqana.
Hepliaklqana was pleased with you.
You visited 2 branches of the dungeon, and saw 10 of its levels.
You also visited: Sewer, Ossuary and Bailey.

You collected 913 gold pieces.
You spent 420 gold pieces at shops.

Inventory:

Hand Weapons
 a - a +1 shortbow
 A - a +0 sling (weapon)
Missiles
 u - 5 throwing nets
Armour
 c - a +0 leather armour
 e - a +2 pair of boots
 i - +0 steam dragon scales
 j - a +2 kite shield (worn)
 B - a +0 leather armour of cold resistance
 C - the +5 leather armour of Greed (worn) {Harm Int+3}
   (You found it on level 4 of the Dungeon)

   Int+3:     It affects your intelligence (+3).
   Harm:      It increases damage dealt and taken.
 I - a +2 pair of boots of flying (worn)
 J - a +0 pair of gloves of dexterity (worn)
Jewellery
 d - a +5 ring of evasion (left hand)
 k - a +5 ring of evasion (right hand)
 q - a ring of wizardry
 D - an amulet of regeneration (around neck)
 E - a ring of protection from fire
 H - a ring of flight
 L - a ring of wizardry
Scrolls
 b - 2 scrolls of butterflies
 n - 5 scrolls of fear
 p - 2 scrolls of fog
 v - 4 scrolls of teleportation
 y - a scroll of blinking
 z - a scroll of noise
Potions
 f - a potion of ambrosia
 g - 2 potions of resistance
 h - 2 potions of mutation
 l - a potion of might
 m - 3 potions of curing
 o - 2 potions of heal wounds
 r - a potion of magic
 s - a potion of cancellation
 t - a potion of brilliance
 w - a potion of lignification
 x - 2 potions of degeneration
 F - a potion of haste
 G - 2 potions of enlightenment
Miscellaneous
 K - a phantom mirror


   Skills:
 - Level 8.0 Fighting
 - Level 15.0 Ranged Weapons
 + Level 4.6 Armour
 - Level 6.0 Dodging
 - Level 1.3 Stealth
 - Level 5.0 Shields


You had 10 spell levels left.
You didn't know any spells.
Your spell library contained the following spells:

 Spells                   Type           Power      Damage    Failure   Level
 Freeze                   Ice            0%         1d3       87%         1
 Necrotise                Necr           0%         1d4       87%         1
 Frozen Ramparts          Ice            0%         1d1       99%         3
 Hailstorm                Conj/Ice       0%         3d3       99%         3
 Vampiric Draining        Necr           0%         2d6       99%         3
 Leda's Liquefaction      Hex/Erth       0%         N/A       100%        4
 Manifold Assault         Tloc           0%         N/A       100%        4
 Petrify                  Tmut/Erth      0%         N/A       100%        4
 Agony                    Necr           0%         N/A       100%        5
 Lee's Rapid Deconstruct  Erth           0%         3d4*      100%        5
 Metabolic Englaciation   Hex/Ice        0%         N/A       100%        5
 Dispersal                Tloc           0%         N/A       100%        6
 Leda's Unmaking          Conj/Erth      0%         9d1       100%        6
 Disjunction              Tloc           0%         N/A       100%        8


Dungeon Overview and Level Annotations

Branches:
Dungeon (9/15)             Temple (1/1) D:5            Lair (0/5) D:9
  Sewer (visited)         Ossuary (visited)          Bailey (visited)
    Orc: D:9-12

Altars:
Ashenzari
Cheibriados
Dithmenos
Elyvilon
Fedhas
Gozag
Hepliaklqana
Makhleb
Nemelex Xobeh
Okawaru
Qazlal
Ru
Sif Muna
Trog
Uskayaw
Wu Jian
Xom
Yredelemnul
Zin
The Shining One

Shops:
D:4 [   D:9 =*

Annotations:
D:9 Erica


Innate Abilities, Weirdness & Mutations

Your life essence is reduced to manifest your ancestor. (-10% HP)
You are small and have problems with some larger weapons.
You are completely attuned to the shadows.


Message History

Something barely misses Artakama.
The two-headed ogre hits Artakama with a +0 giant spiked club!
Artakama blocks the two-headed ogre's attack.
You shoot a sling bullet. Artakama avoids your attack.
The sling bullet hits the two-headed ogre!
The two-headed ogre is severely wounded.
Artakama hits the two-headed ogre with a +0 flail!
Something barely misses Artakama.
You shoot a sling bullet. Artakama avoids your attack.
The sling bullet hits the two-headed ogre!
You kill the two-headed ogre!
You hear some strange, mumbled words.
A lance of force appears from out of thin air!
The lance of force hits Artakama!!
Artakama is destroyed!
Your Armour skill increases to level 4!
Okay, then.
You shoot a sling bullet. You shoot a sling bullet. You shoot a sling bullet.
Something closely misses you.
You shoot a sling bullet. Something barely misses you.
You shoot a sling bullet. Something misses you.
You shoot a sling bullet. Something hits you! Something burns you.
You shoot a sling bullet. Something hits you! Something burns you.
You shoot a sling bullet. You shoot a sling bullet.
You hear some strange, mumbled words.
Something tries to affect you, but you resist.
You shoot a sling bullet. Something closely misses you.
You shoot a sling bullet. Something hits you. Something burns you.
You shoot a sling bullet. Something hits you! Something burns you.
You are too injured to fight recklessly!
You are too injured to fight recklessly!
You are too injured to fight recklessly!
You shoot a sling bullet.
You hear some strange, mumbled words.
A lance of force appears from out of thin air!
The lance of force hits you!!
Ouch! That really hurt!
You die...

,,*#...................##......##
,,*#...................##......#
,,*#...................##......#
,,,...........[........##......#
,,,,,,,,,,,,,**#.......##......#
,,,,,,,,****** ######.###......#*
,,***+*****##** #..##......., ,,*
*,****,...########..#......., ***
*,*,,,,..)'{@..............,,
*,*,**,...#########........,*
*,*,**,..,********#....####,*
*,*,,+,.,,,,,,,,,,.....#***,*
*,****,,,,,,,,,,,,.....+,,,,*
*,,,,*,*,,,,,,,,,,.....#***,,
******,**,*,,,,,,,,,,.....#,,,,,
*,,,,,,,*,*,,,,,,,,,,.....#,##..
*,***,*,*,***********#....#,##..


There were no monsters in sight!

Vanquished Creatures
  A two-headed ogre (D:9)
  Maggie (D:6)
  Grinder (D:5)
  Prince Ribbit (D:7)
  Sigmund (D:5)
  A wyvern (D:9)
  4 yaks (D:8)
  A water moccasin (D:9)
  A black bear (D:7)
  7 orc warriors
  A sky beast (D:6)
  3 ice beasts
  3 centaurs
  3 phantoms
  A kobold brigand (D:7)
  A bullfrog (Sewer)
  A gnoll sergeant (D:8)
  3 scorpions
  8 howler monkeys
  3 centaur zombies (Ossuary)
  A jelly (D:6)
  5 hounds
  2 orc priests
  2 gnoll boudas
  2 iguanas
  2 orc wizards (D:8)
  7 mummies
  22 gnolls
  18 adders
  3 shadow imps
  5 white imps
  An ufetubus (D:5)
  A worm (D:5)
  4 dart slugs
  11 orcs
  15 ball pythons
  13 endoplasms
  15 giant cockroaches
  10 goblins
  9 hobgoblins
  6 jackals
  20 kobolds
  12 quokkas
  6 bats
  8 frilled lizards
  5 hobgoblin zombies (Ossuary)
  2 orc zombies (D:6)
  4 rats
257 creatures vanquished.

Vanquished Creatures (collateral kills)
  2 yaks (D:8)
  A steam dragon (D:8)
  An orc warrior (Bailey)
  2 howler monkeys (D:8)
  2 hounds (D:6)
  A gnoll (D:8)
  A white imp (D:4)
  2 orcs
  A ball python (D:4)
  A goblin (D:9)
  3 kobolds
17 creatures vanquished.

Vanquished Creatures (others)
  3 knights
  An ancestor (D:7)
4 creatures vanquished.

Grand Total: 278 creatures vanquished

Notes
Turn   | Place    | Note
-------+----------+-------------------------------------------
     0 | D:1      | Newt the Kobold Hunter began the quest for the Orb.
     0 | D:1      | Reached XP level 1. HP: 12/12 MP: 1/1
   219 | D:1      | Reached XP level 2. HP: 18/18 MP: 2/2
   650 | D:1      | Reached XP level 3. HP: 22/23 MP: 3/3
  1511 | D:2      | Reached XP level 4. HP: 30/30 MP: 4/4
  1995 | D:3      | Reached skill level 5 in Fighting
  2008 | D:3      | Reached XP level 5. HP: 29/35 MP: 5/5
  2017 | D:3      | Reached skill level 6 in Ranged Weapons
  3001 | D:4      | You fall into a shaft and drop 2 floors!
  3007 | D:6      | Noticed a centaur
  3007 | D:6      | Noticed an ice beast
  3032 | D:6      | Killed an ice beast
  3033 | D:6      | Reached skill level 7 in Ranged Weapons
  3033 | D:6      | Reached XP level 6. HP: 28/40 MP: 6/6
  3053 | D:6      | Reached skill level 8 in Ranged Weapons
  3061 | D:6      | Reached XP level 7. HP: 18/44 MP: 7/7
  3129 | D:6      | Reached skill level 9 in Ranged Weapons
  3259 | D:6      | Noticed Maggie
  3272 | D:6      | Killed Maggie
  3273 | D:6      | Reached skill level 10 in Ranged Weapons
  3273 | D:6      | Reached skill level 5 in Dodging
  3273 | D:6      | Reached XP level 8. HP: 40/49 MP: 8/8
  3325 | D:6      | Found a sand-covered staircase.
  3333 | Ossuary  | Entered an ossuary
  3614 | D:5      | Entered Level 5 of the Dungeon
  3649 | D:5      | Found a staircase to the Ecumenical Temple.
  3655 | Temple   | Entered the Ecumenical Temple
  3664 | Temple   | Became a worshipper of Hepliaklqana the Forgotten
  3696 | D:5      | Noticed Grinder
  3705 | D:5      | Killed Grinder
  3725 | D:5      | Found a glowing drain.
  3751 | D:5      | Noticed Sigmund
  3755 | Sewer    | Entered a sewer
  3859 | Sewer    | Reached XP level 9. HP: 58/58 MP: 9/9
  4036 | D:5      | Killed Sigmund
  4162 | D:5      | Reached skill level 11 in Ranged Weapons
  4506 | D:5      | Reached skill level 12 in Ranged Weapons
  5097 | D:4      | Found Maekusun's Armour Shop.
  5235 | D:4      | Reached * piety under Hepliaklqana
  5539 | D:4      | Found a shimmering altar of Xom.
  5637 | D:4      | Identified the +5 leather armour of Greed {Harm Int+3}
  6358 | D:7      | Reached skill level 13 in Ranged Weapons
  6461 | D:7      | Found a shadowy altar of Dithmenos.
  6536 | D:7      | Reached XP level 10. HP: 57/57 MP: 10/10
  6588 | D:7      | Reached skill level 14 in Ranged Weapons
  6651 | D:7      | Noticed Prince Ribbit
  6657 | D:7      | Killed Prince Ribbit
  6734 | D:7      | Reached ** piety under Hepliaklqana
  6735 | D:7      | Remembered your ancestor Artakama as a knight
  6870 | D:8      | Reached skill level 15 in Ranged Weapons
  6870 | D:8      | Reached skill level 1 in Shields
  7771 | D:9      | Found Ypagyh's Serpentskin Sales.
  7785 | D:9      | Reached skill level 5 in Shields
  7803 | D:9      | Reached skill level 1 in Armour
  7853 | D:9      | Found a flagged portal.
  7869 | Bailey   | Entered a bailey
  8206 | Bailey   | Reached XP level 11. HP: 49/61 MP: 11/11
  8639 | D:9      | Found Iheoludukur's Jewellery Boutique.
  8644 | D:9      | Bought an amulet of regeneration for 420 gold pieces
  8722 | D:9      | Noticed a two-headed ogre
  8722 | D:9      | Noticed Erica
  8729 | D:9      | Killed a two-headed ogre
  8742 | D:9      | Killed from afar by Erica

Illustrated notes

Levels and vault maps discovered:
D:1:      minmay_arrival_wavy_path, layout_basic, solitary_fountain,
          amcnicky_mini_pool_small
D:2:      layout_basic
D:3:      layout_loops_corners
D:4:      layout_basic, nicolae_overflow_hidden_temple, serial_shops, shop,
          mrwooster_statue_mirror
D:5:      layout_basic, minmay_temple_entry_sparse_star, gup_sewer_entry_glass,
          uniq_grinder, uniq_sigmund
D:6:      layout_basic, nicolae_ossuary_entry_giza, uniq_maggie
D:7:      layout_basic, grunt_dithmenos_smoke, uniq_prince_ribbit1
D:8:      layout_loops_ring
D:9:      layout_basic, erik_lair_dragon, enter_bailey_3, serial_shops, shop,
          guppyfry_shop_venom, uniq_psyche, uniq_erica
Temple:   nicolae_temple_two_arcs

Skill      XL: |  1  2  3  4  5  6  7  8  9 10 11 |
---------------+----------------------------------+-----
Fighting       | 3 4 5 7 8 |  8.0
Ranged Weapons | 7 8 10 13 15 | 15.0
Dodging        | 5 6 |  6.0
Shields        | 5 |  5.0
Armour         | 2 4 |  4.6
Stealth        | |  1.3

Action                     |  1- 3 |  4- 6 |  7- 9 | 10-12 || total
---------------------------+-------+-------+-------+-------++-------
   Fire: Shortbow          |    65 |   120 |   392 |       ||   577
         Sling             |       |       |   103 |   315 ||   418
 Invoke: Ancestor Life: Kn |       |       |       |     1 ||     1
    Use: Scroll            |       |     7 |     9 |     5 ||    21
         Potion            |       |     1 |     1 |       ||     2
 Armour: Leather armour    |    10 |    22 |     7 |    25 ||    64
         Steam dragon scal |       |       |    28 |       ||    28
  Dodge: Dodged            |    21 |   106 |   249 |    92 ||   468
  Block: Kite shield       |       |       |    38 |    81 ||   119

Table legend: (Time is in decaauts)
 A = Elapsed time spent in this place.
 B = Non-inter-level travel time spent in this place.
 C = Inter-level travel time spent in this place.
 D = Time resting spent in this place.
 E = Time spent auto-exploring this place.
 F = Levels seen in this place.
 G = Mean time per level.
                   A        B        C        D        E       F      G
               +--------+--------+--------+--------+--------+-----+--------+
         Total |   8798 |   8464 |    334 |    608 |   6046 |  13 |  676.8 |
       Dungeon |   7501 |   7184 |    317 |    407 |   5435 |   9 |  833.4 |
        Temple |     18 |      1 |     17 |      0 |      0 |   1 |   18.0 |
         Sewer |    320 |    320 |      0 |      0 |    180 |   1 |  320.0 |
       Ossuary |    220 |    220 |      0 |      0 |    139 |   1 |  220.0 |
        Bailey |    736 |    736 |      0 |    201 |    292 |   1 |  736.0 |
               +--------+--------+--------+--------+--------+-----+--------+

Top non-repeatable levels by time:
     D:3: 1364 daAuts
     D:5: 1081 daAuts
     D:8: 993 daAuts
     D:6: 959 daAuts
     D:2: 957 daAuts
     D:1: 799 daAuts
  Bailey: 736 daAuts
     D:4: 672 daAuts
     D:7: 432 daAuts
   Sewer: 320 daAuts
     D:9: 240 daAuts
 Ossuary: 220 daAuts
  Temple: 18 daAuts
